PBL
NEW JERSEY DEVILS @ TROIS-RIVERES AIGLES
07/14/2045
 
TOP OF THE 1ST
New Jersey Devils batting - Pitching for Trois-Riveres Aigles : LHP Kazuyoshi Miyazaki
Pitching: LHP Kazuyoshi Miyazaki
Batting: SHB Tyler Maddux 0-0: Called Strike
0-1: SINGLE (Flyball, 6MD, EV 90.0 MPH)
Batting: LHB Matt Baker 0-0: Ball
1-0: Fly out, F7 (Line Drive, 7, EV 91.9 MPH)
Batting: RHB Larry Shoop 0-0: Ball
1-0: Ball
2-0: Ball
3-0: Base on Balls
Tyler Maddux to second
Batting: LHB Tony Leyba 0-0: Ball
Wild Pitch!
Tyler Maddux to third
Larry Shoop to second
1-0: Foul Ball, location: 2F
1-1: Foul Ball, location: 2F
1-2: Ball
2-2: Foul Ball, location: 2F
2-2: Ball
3-2: Strikes out swinging
Batting: RHB Dan Muse 0-0: Ball
1-0: Ball
2-0: SINGLE (Line Drive, 9S, EV 90.6 MPH)
Tyler Maddux scores
Larry Shoop to third
Runner from 3rd tries for Home, throw by RF and OUT! 9-2
Top of the 1st over - 1 run, 2 hits, 0 errors, 1 left on base; New Jersey 1 - Trois-Riveres 0
BOTTOM OF THE 1ST
Trois-Riveres Aigles batting - Pitching for New Jersey Devils : LHP Jared Deckard
Pitching: LHP Jared Deckard
Batting: LHB Jonathan Spino 0-0: Ball
1-0: Called Strike
1-1: Ground out 6-3 (Groundball, 6, EV 83.1 MPH)
Batting: RHB Wan-ling Zhu 0-0: Ball
1-0: Ground out 6-3 (Groundball, 6, EV 90.0 MPH)
Batting: RHB Alex Diaz 0-0: Called Strike
0-1: Swinging Strike
0-2: Ball
1-2: Ball
2-2: Foul Ball, location: 2F
2-2: Ball
3-2: Foul Ball, location: 2F
3-2: SOLO HOME RUN (Flyball, 9LD, EV 96.2 MPH), Distance : 341 ft
Batting: LHB Rich Matthews 0-0: Ground out 5-3 (Groundball, 56S, EV 75.6 MPH)
Bottom of the 1st over - 1 run, 1 hit, 0 errors, 0 left on base; New Jersey 1 - Trois-Riveres 1
TOP OF THE 2ND
New Jersey Devils batting - Pitching for Trois-Riveres Aigles : LHP Kazuyoshi Miyazaki
Batting: LHB Miguel Ramos 0-0: Foul Ball, location: 2F
0-1: Fly out, F5 (Popup, 5SF, EV 73.8 MPH)
Batting: RHB Oscar Bravo 0-0: Called Strike
0-1: Called Strike
0-2: SINGLE (Groundball, 34D, EV 93.8 MPH)
Batting: SHB Keith Casner 0-0: Swinging Strike
0-1: Fly out, F7 (Flyball, 7, EV 92.5 MPH)
Batting: RHB Michael Youngberry 0-0: Ball
1-0: Called Strike
1-1: Ball
2-1: Ball
3-1: SINGLE (Groundball, 6MD, EV 100.6 MPH)
Oscar Bravo to second
Batting: SHB Tyler Maddux 0-0: Called Strike
0-1: Fly out, F8 (Flyball, 8RM, EV 82.5 MPH)
Top of the 2nd over - 0 runs, 2 hits, 0 errors, 2 left on base; New Jersey 1 - Trois-Riveres 1
BOTTOM OF THE 2ND
Trois-Riveres Aigles batting - Pitching for New Jersey Devils : LHP Jared Deckard
Batting: RHB Josh Harmon 0-0: Called Strike
0-1: Foul Ball, location: 2F
0-2: Fly out, F9 (Flyball, 89M, EV 74.4 MPH)
Batting: RHB Kyler Seitz 0-0: Called Strike
0-1: Swinging Strike
0-2: Fly out, F7 (Flyball, 78D, EV 102.5 MPH)
Batting: RHB Jason Penfield 0-0: Ball
1-0: Called Strike
1-1: Ball
2-1: SINGLE (Groundball, 6S, EV 70.6 MPH) (infield hit)
Batting: LHB Sean Banks 0-0: Ball
1-0: Foul Ball, location: 2F
1-1: Foul Ball, location: 2F
1-2: Ground out 1-3 (Groundball, 15S, EV 69.4 MPH)
Bottom of the 2nd over - 0 runs, 1 hit, 0 errors, 1 left on base; New Jersey 1 - Trois-Riveres 1
TOP OF THE 3RD
New Jersey Devils batting - Pitching for Trois-Riveres Aigles : LHP Kazuyoshi Miyazaki
Batting: LHB Matt Baker 0-0: Called Strike
0-1: Ball
1-1: Ground out 6-3 (Groundball, 6, EV 98.1 MPH)
Batting: RHB Larry Shoop 0-0: Ball
1-0: Swinging Strike
1-1: Fly out, F2 (Popup, 25F, EV 82.5 MPH)
Batting: LHB Tony Leyba 0-0: Ball
1-0: Ball
2-0: Ball
3-0: Called Strike
3-1: Base on Balls
Batting: RHB Dan Muse 0-0: SINGLE (Flyball, 34D, EV 90.6 MPH)
Tony Leyba to second
Runner from 2nd tries for 3rd, SAFE, throw by RF made to third
Batting: LHB Miguel Ramos 0-0: Called Strike
0-1: Foul Ball, location: 2F
0-2: DOUBLE (Flyball, 89XD, EV 98.8 MPH)
Tony Leyba scores
Dan Muse to third
Batting: RHB Oscar Bravo 0-0: Ball
1-0: Ball
2-0: Ball
3-0: Foul Ball, location: 2F
3-1: Called Strike
3-2: SINGLE (Groundball, 6MD, EV 95.0 MPH)
Dan Muse scores
Miguel Ramos to third
Runner from 3rd tries for Home, SAFE, throw by CF to home
Batting: SHB Keith Casner 0-0: Swinging Strike
0-1: Ball
1-1: Ball
2-1: Ball
3-1: Called Strike
3-2: Strikes out looking
Top of the 3rd over - 3 runs, 3 hits, 0 errors, 1 left on base; New Jersey 4 - Trois-Riveres 1
BOTTOM OF THE 3RD
Trois-Riveres Aigles batting - Pitching for New Jersey Devils : LHP Jared Deckard
Batting: RHB Alex Koral 0-0: Ground out 5-3 (Groundball, 5S, EV 70.0 MPH)
Batting: LHB Jonathan Spino 0-0: Ball
1-0: Fly out, F8 (Line Drive, 8RM, EV 98.1 MPH)
Batting: RHB Wan-ling Zhu 0-0: Ball
1-0: Swinging Strike
1-1: Called Strike
1-2: Fly out, F9 (Line Drive, 9D, EV 93.1 MPH)
Bottom of the 3rd over - 0 runs, 0 hits, 0 errors, 0 left on base; New Jersey 4 - Trois-Riveres 1
TOP OF THE 4TH
New Jersey Devils batting - Pitching for Trois-Riveres Aigles : LHP Kazuyoshi Miyazaki
Batting: RHB Michael Youngberry 0-0: Foul Ball, location: 2F
0-1: Fly out, F6 (Line Drive, 6, EV 75.0 MPH)
Batting: SHB Tyler Maddux 0-0: Ball
1-0: Fly out, F9 (Flyball, 89XD, EV 91.9 MPH)
Batting: LHB Matt Baker 0-0: Ball
1-0: Reached on error, E8 (Flyball, 8RM, EV 91.2 MPH)
Batting: RHB Larry Shoop 0-0: Ball
1-0: Foul Ball, location: 2F
1-1: Foul Ball, location: 2F
1-2: DOUBLE (Line Drive, 7LM, EV 91.2 MPH)
Matt Baker scores
Batting: LHB Tony Leyba 0-0: Ball
1-0: Called Strike
1-1: Foul Ball, location: 2F
1-2: Foul Ball, location: 2F
1-2: Strikes out looking
Top of the 4th over - 1 run, 1 hit, 1 error, 1 left on base; New Jersey 5 - Trois-Riveres 1
BOTTOM OF THE 4TH
Trois-Riveres Aigles batting - Pitching for New Jersey Devils : LHP Jared Deckard
Batting: RHB Alex Diaz 0-0: Ball
1-0: Ball
2-0: Ball
3-0: Called Strike
3-1: Fly out, F7 (Flyball, 7S, EV 88.8 MPH)
Batting: LHB Rich Matthews 0-0: Ball
1-0: Foul Ball, location: 2F
1-1: Ball
2-1: Fly out, F4 (Popup, 4, EV 59.4 MPH)
Batting: RHB Josh Harmon 0-0: Fly out, F7 (Flyball, 7, EV 88.1 MPH)
Bottom of the 4th over - 0 runs, 0 hits, 0 errors, 0 left on base; New Jersey 5 - Trois-Riveres 1
TOP OF THE 5TH
New Jersey Devils batting - Pitching for Trois-Riveres Aigles : LHP Kazuyoshi Miyazaki
Batting: RHB Dan Muse 0-0: Ball
1-0: Called Strike
1-1: Called Strike
1-2: Ball
2-2: Foul Ball, location: 2F
2-2: SINGLE (Flyball, 89S, EV 99.4 MPH)
Batting: LHB Miguel Ramos 0-0: Swinging Strike
0-1: Ball
1-1: Foul Ball, location: 2F
1-2: Ball
2-2: Ball
3-2: SINGLE (Groundball, 4MD, EV 106.2 MPH)
Dan Muse to second
Batting: RHB Oscar Bravo 0-0: Ball
1-0: SINGLE (Groundball, 34D, EV 96.9 MPH)
Dan Muse to third
Miguel Ramos to second
Runner from 3rd tries for Home, SAFE, throw by RF to home
Pitching: RHP Eddie Aguirre
Batting: SHB Keith Casner 0-0: Ball
1-0: Swinging Strike
1-1: Foul Ball, location: 2F
1-2: Foul Ball, location: 2F
1-2: Ball
2-2: Strikes out swinging
Batting: RHB Michael Youngberry 0-0: Foul Ball, location: 2F
0-1: Ball
1-1: Ball
2-1: Foul Ball, location: 2F
2-2: Ball
3-2: Base on Balls
Miguel Ramos to third
Oscar Bravo to second
Batting: SHB Tyler Maddux 0-0: Ball
1-0: Called Strike
1-1: Called Strike
1-2: Strikes out looking
Batting: LHB Matt Baker 0-0: Ball
1-0: SINGLE (Groundball, 34D, EV 97.5 MPH)
Miguel Ramos scores
Oscar Bravo to third
Michael Youngberry to second
Runner from 3rd tries for Home, SAFE, throw by RF to home
Batting: RHB Larry Shoop 0-0: Ball
1-0: Called Strike
1-1: Foul Ball, location: 2F
1-2: Ball
2-2: Strikes out swinging
Top of the 5th over - 3 runs, 4 hits, 0 errors, 2 left on base; New Jersey 8 - Trois-Riveres 1
BOTTOM OF THE 5TH
Trois-Riveres Aigles batting - Pitching for New Jersey Devils : LHP Jared Deckard
Batting: RHB Kyler Seitz 0-0: Ball
1-0: Ball
2-0: Foul Ball, location: 2F
2-1: SOLO HOME RUN (Flyball, 9D, EV 98.1 MPH), Distance : 393 ft
Batting: RHB Jason Penfield 0-0: Called Strike
0-1: Ball
1-1: Ball
2-1: Called Strike
2-2: Ball
3-2: Foul Ball, location: 2F
3-2: Strikes out swinging
Batting: LHB Sean Banks 0-0: Ball
1-0: Ball
2-0: Called Strike
2-1: Swinging Strike
2-2: Foul Ball, location: 2F
2-2: Strikes out swinging
Batting: RHB Alex Koral 0-0: Ball
1-0: Ball
2-0: Ball
3-0: Base on Balls
Batting: LHB Jonathan Spino 0-0: Ball
Alex Koral is caught stealing 2nd base 2-6
Bottom of the 5th over - 1 run, 1 hit, 0 errors, 0 left on base; New Jersey 8 - Trois-Riveres 2
TOP OF THE 6TH
New Jersey Devils batting - Pitching for Trois-Riveres Aigles : RHP Eddie Aguirre
Batting: LHB Tony Leyba 0-0: Called Strike
0-1: Ball
1-1: Foul Ball, location: 2F
1-2: Foul Ball, location: 2F
1-2: Ball
2-2: Strikes out swinging
Batting: RHB Dan Muse 0-0: Fly out, F8 (Line Drive, 8RM, EV 96.2 MPH)
Batting: LHB Miguel Ramos 0-0: Foul Ball, location: 2F
0-1: Swinging Strike
0-2: Ball
1-2: Ball
2-2: Strikes out swinging
Top of the 6th over - 0 runs, 0 hits, 0 errors, 0 left on base; New Jersey 8 - Trois-Riveres 2
BOTTOM OF THE 6TH
Trois-Riveres Aigles batting - Pitching for New Jersey Devils : LHP Jared Deckard
Batting: LHB Jonathan Spino 0-0: Called Strike
0-1: Ball
1-1: Swinging Strike
1-2: Foul Ball, location: 2F
1-2: Ball
2-2: Ball
3-2: Foul Ball, location: 2F
3-2: Strikes out swinging
Batting: RHB Wan-ling Zhu 0-0: Ball
1-0: Called Strike
1-1: Called Strike
1-2: Strikes out swinging
Batting: RHB Alex Diaz 0-0: Ball
1-0: Ball
2-0: Foul Ball, location: 3F, Error on foul ball, E3
2-1: Ball
3-1: Base on Balls
Batting: LHB Rich Matthews 0-0: Ball
1-0: Called Strike
1-1: Ball
2-1: Called Strike
2-2: Foul Ball, location: 2F
2-2: Strikes out swinging
Bottom of the 6th over - 0 runs, 0 hits, 1 error, 1 left on base; New Jersey 8 - Trois-Riveres 2
TOP OF THE 7TH
New Jersey Devils batting - Pitching for Trois-Riveres Aigles : RHP Eddie Aguirre
Batting: RHB Oscar Bravo 0-0: Called Strike
0-1: Swinging Strike
0-2: Ball
1-2: Strikes out looking
Batting: SHB Keith Casner 0-0: Ball
1-0: Swinging Strike
1-1: SOLO HOME RUN (Flyball, 9D, EV 96.9 MPH), Distance : 378 ft
Batting: RHB Michael Youngberry 0-0: Called Strike
0-1: Foul Ball, location: 2F
0-2: Strikes out looking
Pinch Hitting: LHB Jason Jones 0-0: Called Strike
0-1: Ball
1-1: SINGLE (Flyball, 5D, EV 92.5 MPH)
Batting: LHB Matt Baker 0-0: Fielders Choice at 2nd, 5-4 (Groundball, 56, EV 105.0 MPH)
Top of the 7th over - 1 run, 2 hits, 0 errors, 1 left on base; New Jersey 9 - Trois-Riveres 2
BOTTOM OF THE 7TH
Trois-Riveres Aigles batting - Pitching for New Jersey Devils : LHP Jared Deckard
Now at 2B: Chris Graham
Now at 3B: Dan Muse
Batting: RHB Josh Harmon 0-0: Ball
1-0: Foul Ball, location: 2F
1-1: Fly out, F9 (Line Drive, 9S, EV 101.2 MPH)
Batting: RHB Kyler Seitz 0-0: Ball
1-0: Ball
2-0: Called Strike
2-1: SINGLE (Line Drive, 4D, EV 98.8 MPH)
Batting: RHB Jason Penfield 0-0: Ball
1-0: Ball
2-0: Called Strike
2-1: Ball
3-1: Base on Balls
Kyler Seitz to second
Batting: LHB Sean Banks 0-0: Fielders Choice at 2nd, 3-6 (Groundball, 34, EV 85.0 MPH)
Kyler Seitz to third
Batting: RHB Alex Koral 0-0: Fielders Choice at 2nd, 6-4 (Groundball, 6, EV 101.9 MPH)
Bottom of the 7th over - 0 runs, 1 hit, 0 errors, 2 left on base; New Jersey 9 - Trois-Riveres 2
TOP OF THE 8TH
New Jersey Devils batting - Pitching for Trois-Riveres Aigles : RHP Eddie Aguirre
Batting: RHB Larry Shoop 0-0: Ball
1-0: DOUBLE (Groundball, 5L, EV 94.4 MPH)
Pitching: RHP Cortez Cruz
Batting: LHB Tony Leyba 0-0: Called Strike
0-1: Ball
1-1: 2-RUN HOME RUN (Flyball, 9D, EV 102.5 MPH), Distance : 381 ft
Batting: RHB Dan Muse 0-0: Ball
1-0: Ball
2-0: Called Strike
2-1: Called Strike
2-2: Foul Ball, location: 2F
2-2: Fly out, F4 (Line Drive, 4, EV 66.9 MPH)
Batting: LHB Miguel Ramos 0-0: Swinging Strike
0-1: Foul Ball, location: 2F
0-2: Foul Ball, location: 2F
0-2: Foul Ball, location: 2F
0-2: Strikes out swinging
Batting: RHB Oscar Bravo 0-0: Called Strike
0-1: Fly out, F8 (Flyball, 8RD, EV 93.8 MPH)
Top of the 8th over - 2 runs, 2 hits, 0 errors, 0 left on base; New Jersey 11 - Trois-Riveres 2
BOTTOM OF THE 8TH
Trois-Riveres Aigles batting - Pitching for New Jersey Devils : LHP Jared Deckard
Pitching: RHP Gabe Kelso
Batting: LHB Jonathan Spino 0-0: Called Strike
0-1: Called Strike
0-2: Ball
1-2: Ball
2-2: Ball
3-2: Strikes out swinging
Pinch Hitting: LHB Oscar Curiel 0-0: Ball
1-0: Foul Ball, location: 2F
1-1: Ball
2-1: Foul Ball, location: 2F
2-2: Foul Ball, location: 2F
2-2: Ground out 4-3 (Groundball, 4, EV 83.1 MPH)
Batting: RHB Alex Diaz 0-0: Ball
1-0: Foul Ball, location: 2F
1-1: Called Strike
1-2: SINGLE (Line Drive, 7LS, EV 104.4 MPH)
Pinch Hitting: RHB Toshikatsu Omori 0-0: Ball
1-0: Swinging Strike
1-1: Foul Ball, location: 2F
1-2: Strikes out looking
Bottom of the 8th over - 0 runs, 1 hit, 0 errors, 1 left on base; New Jersey 11 - Trois-Riveres 2
TOP OF THE 9TH
New Jersey Devils batting - Pitching for Trois-Riveres Aigles : RHP Cortez Cruz
Now at SS: Toshikatsu Omori
Now in RF: Oscar Curiel
Batting: SHB Keith Casner 0-0: Called Strike
0-1: Foul Ball, location: 2F
0-2: Ball
1-2: Foul Ball, location: 2F
1-2: Foul Ball, location: 2F
1-2: Ball
2-2: Ball
3-2: Fly out, F8 (Flyball, 8RS, EV 79.4 MPH)
Pinch Hitting: RHB Jim Freels 0-0: Ball
1-0: Called Strike
1-1: Ball
2-1: Called Strike
2-2: Strikes out swinging, 2-3 out at first.
Batting: RHB Chris Graham 0-0: Foul Ball, location: 2F
0-1: Ball
1-1: Fly out, F8 (Flyball, 8RM, EV 97.5 MPH)
Top of the 9th over - 0 runs, 0 hits, 0 errors, 0 left on base; New Jersey 11 - Trois-Riveres 2
BOTTOM OF THE 9TH
Trois-Riveres Aigles batting - Pitching for New Jersey Devils : RHP Gabe Kelso
Now in CF: Matt Baker
Now in RF: Dan Bremseth
Batting: RHB Josh Harmon 0-0: Swinging Strike
0-1: Swinging Strike
0-2: Foul Ball, location: 2F
0-2: Strikes out swinging
Batting: RHB Kyler Seitz 0-0: Ball
1-0: Foul Ball, location: 2F
1-1: Swinging Strike
1-2: Strikes out swinging
Batting: RHB Jason Penfield 0-0: Ball
1-0: Swinging Strike
1-1: Ball
2-1: Ball
3-1: Swinging Strike
3-2: Base on Balls
Batting: LHB Sean Banks 0-0: Ground out 1-3 (Groundball, 34S, EV 63.8 MPH)
Bottom of the 9th over - 0 runs, 0 hits, 0 errors, 1 left on base; New Jersey 11 - Trois-Riveres 2
Wednesday, June 22nd , 2022 - OOTP Baseball 23.4 Build 64